 Dungeon Crawl Stone Soup version 0.27-a0-1188-g73eefd5def (webtiles) character file.

Game seed: 6377336064813176637

485 st0uf the Digger (level 7, -1/36 HPs)
             Began as a Gargoyle Earth Elementalist on May 20, 2021.
             Was an Initiate of Vehumet.
             Slain by Eustachio
             ... wielding a +0 rapier
              (2 damage)
             ... on level 4 of the Dungeon.
             The game lasted 00:18:03 (5264 turns).

st0uf the Digger (Gargoyle Earth Elementalist)      Turns: 5264, Time: 00:18:04

Health: -1/36      AC:  9    Str: 11    XL:     7   Next: 13%
Magic:  0/13       EV: 11    Int: 18    God:    Vehumet [......]
Gold:   106        SH:  0    Dex: 10    Spells: 9/15 levels left

rFire    . . .     SeeInvis .   (no weapon)
rCold    . . .     Faith    .   (no shield)
rNeg     + . .     Spirit   .   c - +0 robe
rPois    ∞         Reflect  .   A - +1 helmet
rElec    +         Harm     .   (no cloak)
rCorr    .         Rampage  .   (no gloves)
Will     +....                  (no boots)
Stlth    ++........             (no amulet)
HPRegen  0.12/turn              g - +4 ring of slaying
MPRegen  0.13/turn              q - ring of willpower

@: no status effects
A: sickness immunity, AC +4, negative energy resistance 1, electricity
resistance, torment resistance 1, petrification resistance
a: Renounce Religion


You were on level 4 of the Dungeon.
You worshipped Vehumet.
Vehumet was noncommittal.
You visited 2 branches of the dungeon, and saw 5 of its levels.
You also visited: Sewer.

You collected 106 gold pieces.

Inventory:

Missiles
 a - 41 poisoned darts
 b - 103 stones
Armour
 c - a +0 robe (worn)
 o - a +0 ring mail
 y - the +2 scale mail of Untruth {Will+ Stlth+}
   (You found it on level 4 of the Dungeon)

   It increases your willpower.
   It makes you more stealthy.
 A - a +1 helmet (worn)
Magical Staves
 k - a staff of death
Jewellery
 g - a +4 ring of slaying (left hand)
 p - an amulet of guardian spirit
 q - a ring of willpower (right hand)
Scrolls
 f - 2 scrolls of teleportation {unknown}
 h - 3 scrolls of fog {unknown}
 i - 2 scrolls of fear {unknown}
 j - 2 scrolls of enchant weapon {unknown}
 n - a scroll of magic mapping {unknown}
 r - a scroll of blinking {unknown}
 t - a scroll of brand weapon {unknown}
 u - a scroll of torment {unknown}
 z - a scroll of immolation {unknown}
Potions
 d - 2 potions of flight {unknown}
 e - a potion of haste
 l - 2 potions of brilliance {unknown}
 m - 6 potions of heal wounds {unknown}
 s - 5 potions of curing {unknown}
 v - 3 potions of might {unknown}
 w - a potion of attraction {unknown}
 x - a potion of mutation {unknown}


   Skills:
 * Level 1.9 Armour
 - Level 1.5 Dodging
 + Level 2.7 Stealth
 + Level 4.5 Spellcasting
 * Level 3.0 Conjurations
 + Level 0.7 Transmutations
 + Level 6.1 Earth Magic


You had 9 spell levels left.
You knew the following spells:

 Your Spells              Type           Power      Damage    Failure   Level
a - Sandblast             Erth           52%        2d12      1%          1
b - Searing Ray           Conj           28%        3d4       6%          2
c - Stone Arrow           Conj/Erth      40%        3d9       6%          3

Your spell library contained the following spells:

 Spells                   Type           Power      Damage    Failure   Level
 Magic Dart               Conj           56%        1d5       4%          1
 Passwall                 Tmut/Erth      13%        N/A       5%          2
 Dazzling Flash           Conj/Hex       18%        N/A       22%         3
 Lee's Rapid Deconstruct  Erth           13%        3d10*     32%         5
 Petrify                  Tmut/Erth      16%        N/A       34%         4
 Fulminant Prism          Conj/Hex       4%         3d6       58%         4
 Iskenderun's Mystic Bla  Conj/Tloc      9%         2d4       58%         4


Dungeon Overview and Level Annotations

Branches:
Dungeon (4/15)             Temple (1/1) D:4           Sewer (visited)

Altars:
Ashenzari
Fedhas
Kikubaaqudgha
Makhleb
Ru
Vehumet
Xom
Zin

Annotations:
D:4 Eustachio, Pikel


Innate Abilities, Weirdness & Mutations

You are immune to sickness and miasma.
Your stone body is resilient. (AC +4)
You are immune to poison.
You resist negative energy. (rN+)
You are resistant to electric shocks. (rElec)
You are resistant to unholy torment.
You are immune to petrification.


Message History

The searing ray hits Eustachio!
Eustachio is heavily wounded.
You finish channeling your searing ray.
The quokka bites you but does no damage.
Eustachio hits you with a +0 rapier.
* * * LOW HITPOINT WARNING * * *
Casting: Searing Ray (safe; 6% risk of failure)
Confirm with . or Enter, or press ? or * to list all spells.
Aiming: Sandblast (safe; 1% risk of failure)
Press: ? - help, Shift-Dir - straight line, f/p - Eustachio
Aim: Eustachio, wielding a +0 rapier and wearing a +0 leather armour (heavily wounded, fast, 73% to hit)
The blast of sand hits Eustachio.
Eustachio is severely wounded.
The quokka bites you.
* * * LOW HITPOINT WARNING * * *
Eustachio mumbles some strange words.
Casting: Sandblast (safe; 1% risk of failure)
Confirm with . or Enter, or press ? or * to list all spells.
Aiming: Sandblast (safe; 1% risk of failure)
Press: ? - help, Shift-Dir - straight line, f/p - Eustachio
Aim: Eustachio, wielding a +0 rapier and wearing a +0 leather armour (severely wounded, fast, 73% to hit)
The blast of sand misses Eustachio.
The blast of sand hits the bat!
You kill the bat!
The bat's corpse disappears in a puff of smoke!
Eustachio mumbles some strange words.
The quokka closely misses you. Eustachio hits you but does no damage.
Casting: Sandblast (safe; 1% risk of failure)
Confirm with . or Enter, or press ? or * to list all spells.
Aiming: Sandblast (safe; 1% risk of failure)
Press: ? - help, Shift-Dir - straight line, f/p - Eustachio
Aim: Eustachio, wielding a +0 rapier and wearing a +0 leather armour (severely wounded, fast, 73% to hit)
The blast of sand hits Eustachio.
Eustachio is almost dead.
The quokka bites you but does no damage.
Eustachio closely misses you. The quokka bites you.
* * * LOW HITPOINT WARNING * * *
You hit Eustachio.
Eustachio is almost dead.
Eustachio hits you with a +0 rapier.
You die...

......##### #.#......######.#
>..#......###'#......# #.#
...#...........#.....# ###.###
####.................# #######
#.................#####⌠.⌠####
####.....................'.>.'...
#..'.........<.......#####⌠.⌠####
...#.........5r####### #######
...#######....5r@@rr.# ###.###
...# #######'######## #.# ...#
..... #.# #.# ##.# r..# ......#[#
#.#####..# .†.# ......#[#
#.#.....###### ...#
.......)######.#..#........
:............[..#....#...........
.....#######....#................
.....$# +................#####


You could see Eustachio (fast), a crimson imp (summoned), 3 river rats, a white
imp (summoned) and a quokka (summoned).

Vanquished Creatures
  A necrophage (D:4)
  3 lemures (D:4)
  A kobold brigand (Sewer)
  A howler monkey (D:4)
  2 orc wizards (D:4)
  Robin (D:4)
  7 adders
  6 river rats (Sewer)
  3 worms
  2 dart slugs
  3 orcs (D:4)
  5 endoplasms
  3 giant cockroaches
  14 goblins
  4 hobgoblins
  10 jackals
  21 kobolds
  3 quokkas
  8 ball pythons
  20 rats
118 creatures vanquished.

Notes
Turn   | Place    | Note
-------+----------+-------------------------------------------
     0 | D:1      | st0uf the Gargoyle Earth Elementalist began the quest for
                  | the Orb.
     0 | D:1      | Reached XP level 1. HP: 10/10 MP: 3/3
     1 | D:1      | Noticed an electric eel
   413 | D:1      | Reached skill level 4 in Earth Magic
   449 | D:1      | Reached XP level 2. HP: 15/15 MP: 3/5
   537 | D:1      | Learned a level 2 spell: Searing Ray
  1167 | D:1      | Reached XP level 3. HP: 7/19 MP: 2/7
  2148 | D:2      | Learned a level 3 spell: Stone Arrow
  2313 | D:2      | Found a faded altar of an unknown god.
  2485 | D:3      | Reached XP level 4. HP: 24/24 MP: 6/8
  2512 | D:3      | Found a glowing drain.
  2616 | Sewer    | Entered a sewer
  2772 | Sewer    | Reached skill level 1 in Conjurations
  2840 | Sewer    | Reached XP level 5. HP: 19/28 MP: 0/10
  2909 | Sewer    | Reached skill level 5 in Earth Magic
  3318 | Sewer    | Noticed a kobold brigand
  3325 | Sewer    | Killed a kobold brigand
  3326 | Sewer    | Reached XP level 6. HP: 32/32 MP: 1/11
  4247 | D:4      | Reached skill level 1 in Armour
  4392 | D:4      | Found a staircase to the Ecumenical Temple.
  4433 | Temple   | Entered the Ecumenical Temple
  4443 | Temple   | Became a worshipper of Vehumet
  4491 | D:4      | Identified the +2 scale mail of Untruth {Will+ Stlth+}
  4655 | D:4      | Noticed Robin
  4660 | D:4      | Killed Robin
  4785 | D:4      | Noticed Pikel
  5226 | D:4      | Noticed a necrophage
  5234 | D:4      | Killed a necrophage
  5235 | D:4      | Reached skill level 6 in Earth Magic
  5235 | D:4      | Reached XP level 7. HP: 30/36 MP: 4/13
  5236 | D:4      | Noticed Eustachio
  5263 | D:4      | HP: 1/36 [quokka[Eustachio] (2)]
  5264 | D:4      | Slain by Eustachio

Illustrated notes

Levels and vault maps discovered:
D:1:      arrival_aquarium_a, layout_loops_ring
D:2:      layout_loops_ring, shapermc_ecumenical_altar_mp_vishouse,
          chequers_serial_rivers_micro_a
D:3:      layout_basic, cheibrodos_sewer_entry_bend
D:4:      layout_basic, temple_doors_e, uniq_robin, uniq_eustachio, uniq_pikel
Temple:   eino_temple_lava

Skill      XL: |  1  2  3  4  5  6 |
---------------+-------------------+-----
Earth Magic    | 4 5 6 |  6.1
Spellcasting   | 3 4 |  4.5
Conjurations   | 1 2 3 |  3.0
Armour         | 1 |  1.9
Dodging        | |  1.5
Stealth        | |  2.7
Transmutations | |  0.7

Action                   |  1- 3 |  4- 6 |  7- 9 || total
-------------------------+-------+-------+-------++-------
Melee: Unarmed           |    74 |   104 |     1 ||   179
 Cast: Sandblast         |    37 |    33 |     3 ||    73
       Searing Ray       |       |    19 |     1 ||    20
 Stab: Sleeping          |     1 |       |       ||     1
Armor: Robe              |    28 |    32 |    11 ||    71
       Ring mail         |     5 |    16 |       ||    21
Dodge: Dodged            |    42 |    72 |    15 ||   129

Table legend: (Time is in decaauts)
 A = Elapsed time spent in this place.
 B = Non-inter-level travel time spent in this place.
 C = Inter-level travel time spent in this place.
 D = Time resting spent in this place.
 E = Time spent auto-exploring this place.
 F = Levels seen in this place.
 G = Mean time per level.
                   A        B        C        D        E       F      G
               +--------+--------+--------+--------+--------+-----+--------+
         Total |   5277 |   5105 |    172 |   1196 |   2733 |   6 |  879.5 |
       Dungeon |   4331 |   4166 |    165 |    857 |   2546 |   4 | 1082.8 |
        Temple |     18 |     11 |      7 |      0 |      0 |   1 |   18.0 |
         Sewer |    927 |    927 |      0 |    339 |    187 |   1 |  927.0 |
               +--------+--------+--------+--------+--------+-----+--------+

Top non-repeatable levels by time:
     D:1: 1443 daAuts
     D:3: 1112 daAuts
   Sewer: 927 daAuts
     D:2: 920 daAuts
     D:4: 856 daAuts
  Temple: 18 daAuts
